 Dungeon Crawl Stone Soup version 0.25-a0-523-g9afb2ee040 (webtiles) character file.

Game seed: 8942100341313380054, levelgen mode: deterministic

163654 Flugslaktarn the Severer (level 16, 0/152 HPs)
             Began as a Deep Dwarf Fighter on Feb 18, 2020.
             Was the Champion of Makhleb.
             Slain by an ironbrand convoker
             ... wielding a +0 mace
              (8 damage)
             ... on level 3 of the Vaults.
             The game lasted 00:14:39 (15073 turns).

Flugslaktarn the Severer (Deep Dwarf Fighter)      Turns: 15073, Time: 00:14:40

Health: 0/152      AC: 22    Str: 33    XL:     16   Next: 64%
Magic:  9/9        EV:  9    Int:  4    God:    Makhleb [******]
Gold:   823        SH: 17    Dex: 12    Spells: 15/15 levels left

rFire    . . .     SeeInvis +   A - +4 broad axe (flame)
rCold    + + .     Gourm    .   K - +2 kite shield {rC+}
rNeg     + . .     Faith    +   H - +4 chain mail of Fortitude {Str+6 Int-5}
rPois    +         Spirit   .   (no helmet)
rElec    .         Reflect  .   L - +0 cloak {rC+}
rCorr    .         Harm     .   j - +0 pair of gloves
MR       ++...                  f - +0 pair of boots
Stlth    ..........             N - amulet of faith
HPRegen  0.00/turn              i - ring of see invisible
MPRegen  0.11/turn              o - ring of poison resistance

@: marked, non-regenerating, slowed, very slow
A: damage resistance, heal wounds, negative energy resistance 1, sense
surroundings 2, no regeneration
}: 2/15 runes: decaying, gossamer
a: Heal Wounds, Minor Destruction, Lesser Servant of Makhleb, Major Destruction,
Greater Servant of Makhleb, Renounce Religion


You were on level 3 of the Vaults.
You worshipped Makhleb.
Makhleb was exalted by your worship.
You were not hungry.

You visited 7 branches of the dungeon, and saw 31 of its levels.
You also visited: Ice Cave.

You collected 1154 gold pieces.
You spent 331 gold pieces at shops.

Inventory:

Hand Weapons
 A - a +4 broad axe of flaming (weapon)
   (You took it off an orc warrior on level 9 of the Dungeon)
Missiles
 P - 2 throwing nets (quivered)
Armour
 f - a +0 pair of boots (worn)
   (You found it on level 9 of the Dungeon)
 j - a +0 pair of gloves (worn)
   (You found it on level 1 of the Dungeon)
 s - a scarf of cloud immunity
   (You found it on level 1 of the Lair of Beasts)
 H - the +4 chain mail of Fortitude (worn) {Str+6 Int-5}
   (You bought it in a shop on level 13 of the Dungeon)

   It affects your strength (+6).
   It affects your intelligence (-5).
   If you remove this armour, your AC will decrease by 18 (22 -> 4).
 K - a +2 kite shield of cold resistance (worn)
   (You found it in an ice cave)
 L - a +0 cloak of cold resistance (worn)
   (You found it in an ice cave)
Jewellery
 c - an uncursed ring of protection from cold
   (You found it on level 5 of the Dungeon)
 i - a ring of see invisible (left hand)
   (You found it on level 4 of the Swamp)
 o - a ring of poison resistance (right hand)
   (You found it on level 6 of the Dungeon)
 G - a +4 ring of dexterity
   (You found it on level 11 of the Dungeon)
 N - an amulet of faith (around neck)
   (You found it on level 14 of the Dungeon)
Wands
 a - a wand of iceblast (22)
   (You found it on level 6 of the Dungeon)
 x - a wand of scattershot (8)
   (You found it on level 8 of the Dungeon)
 C - a wand of enslavement (10)
   (You found it on level 15 of the Dungeon)
 E - a wand of paralysis (8)
   (You took it off an orc on level 10 of the Dungeon)
Scrolls
 l - a scroll of summoning
 m - 2 scrolls of fear
 p - 5 scrolls of magic mapping
 r - 2 scrolls of identify
 t - 7 scrolls of teleportation
 u - 11 scrolls of remove curse
 y - a scroll of immolation
 z - 2 scrolls of blinking
 M - 3 scrolls of fog
 O - a scroll of enchant armour
Potions
 b - 5 potions of ambrosia
 d - 2 potions of might
 g - 2 potions of brilliance
 h - 3 potions of haste
 n - 6 potions of resistance
 q - 2 potions of curing
 v - a potion of magic {unknown}
 w - a potion of heal wounds
 B - 2 potions of lignification
 D - 4 potions of invisibility {unknown}
 F - 6 potions of mutation
 I - 2 potions of stabbing {unknown}
 J - 3 potions of flight
 R - a potion of cancellation
Comestibles
 e - 32 rations
 k - 9 chunks of flesh


   Skills:
 + Level 12.3 Fighting
 - Level 18.0 Axes
 + Level 14.2 Armour
 + Level 14.2 Shields
 + Level 14.7 Invocations


You had 15 spell levels left.
You didn't know any spells.
Your spell library was empty.

Dungeon Overview and Level Annotations

Branches:
Dungeon (15/15)            Temple (1/1) D:5            Lair (3/6) D:10
  Swamp (4/4) Lair:2       Spider (4/4) Lair:3          Orc (0/2) D:10
 Vaults (3/5) D:14         Depths (1/5) D:15          IceCv (visited)
  Crypt: Vaults:2-3

Altars:
Ashenzari
Cheibriados
Dithmenos
Elyvilon
Fedhas
Gozag
Hepliaklqana
Kikubaaqudgha
Makhleb
Nemelex Xobeh
Okawaru
Qazlal
Ru
Sif Muna
Trog
Uskayaw
Vehumet
Wu Jian
Xom
Yredelemnul
Zin
The Shining One
Beogh

Shops:
D:4 ?==   D:9 *   D:10 (   D:13 [

Annotations:
D:12 2 transporters, Hyefig's ghost, journeyman DDFi
D:13 1 runed translucent door, exclusion: orange crystal statue


Innate Abilities, Weirdness & Mutations

You are resistant to damage.
You can heal yourself by infusing magical energy.
You resist negative energy. (rN+)
You passively map the area around you.
You do not regenerate.


Message History

The deep troll bites you!
* * * LOW HITPOINT WARNING * * *
The deep troll claws you!!
* * * LOW HITPOINT WARNING * * *
The deep troll claws you but does no damage.
The freezing wraith hits you!
* * * LOW HITPOINT WARNING * * *
The freezing wraith freezes you. You resist.
* * * LOW HITPOINT WARNING * * *
The freezing wraith hits you!
* * * LOW HITPOINT WARNING * * *
The deep elf mage mumbles some strange words.
The deep elf mage blinks!
You block the freezing wraith's attack. x2
The ironbrand convoker hits you but does no damage.
The deep troll shaman calls upon its god to speed up the deep troll.
The deep troll seems to speed up.
The ogre mage mumbles some strange words.
The ogre mage flickers and vanishes for a moment.
The ironbrand convoker hits you with a +0 mace!
You die...

###########################
,,,,
......e)Wp@................
,......TOpp#################
$......TTT# #... ,
,..........# #.#.
..........# #... *
..........# #### ,
..........# #)..
.......ยง..# #.#. *
..........# #...


You could see an ironheart preserver, an ogre mage (invisible), 2 deep trolls, a
vault sentinel, an ironbrand convoker, 2 deep troll shamans, a freezing wraith
and a deep elf mage.

Vanquished Creatures
  3 thorn hunters
  A fire giant (D:15)
  2 frost giants
  3 emperor scorpions (Spider:4)
  2 ghost moths (Spider:4)
  An entropy weaver (Spider:4)
  Snorg (D:13)
  A great orb of eyes (Vaults:1)
  5 vault guards (D:14)
  An ice dragon (Vaults:1)
  6 hydras
  2 catoblepae
  3 ghost crabs
  5 centaur warriors
  5 alligators
  6 two-headed ogres
  A shambling mangrove (Swamp:3)
  3 skeletal warriors (D:14)
  A spriggan (Swamp:2)
  2 glowing orange brains
  A wizard (D:14)
  2 spriggan druids (Swamp:4)
  3 swamp dragons (Swamp:4)
  3 harpies (Vaults:2)
  An ironbrand convoker (Vaults:2)
  4 orc knights
  9 orb spiders
  A deep elf mage (D:15)
  An orc sorcerer (Vaults:1)
  25 wolf spiders
  5 cyclopes
  A manticore (D:15)
  15 ugly things
  A black mamba (Lair:1)
  An elephant (D:10)
  2 moths of wrath
  A vault sentinel (Vaults:3)
  4 spiny frogs
  A gargoyle (D:14)
  Joseph (D:7)
  An ice statue (IceCv)
  9 yaktaurs
  A rime drake (Lair:1)
  A kobold demonologist (D:11)
  3 demonic crawlers
  3 komodo dragons (Lair:2)
  A freezing wraith (Vaults:2)
  A tengu conjurer (D:14)
  20 jumping spiders
  A polar bear (shapeshifter) (Vaults:1)
  13 polar bears
  5 trolls
  3 hornets
  Grinder (D:6)
  4 tyrant leeches (Swamp:4)
  3 blink frogs
  A wolf spider simulacrum (D:14)
  4 bog bodies
  15 slime creatures
  2 hippogriffs
  A meliai zombie (D:14)
  3 shadows
  15 tarantellas
  A vampire (D:13)
  2 wyverns
  38 yaks
  34 redbacks
  A wraith (D:14)
  4 hogs (D:8)
  A human (D:8)
  3 basilisks
  26 vampire mosquitoes
  A hungry ghost (D:14)
  A warg (Vaults:1)
  An insubstantial wisp (Swamp:4)
  6 swamp worms
  2 water moccasins
  3 acid dragons
  17 orc warriors
  A sky beast (D:10)
  2 porcupines (Lair:2)
  2 swamp drakes (Swamp:4)
  14 ice beasts
  4 phantoms
  A black bear (D:11)
  10 wolves (IceCv)
  2 boggarts (D:15)
  9 ogres
  13 centaurs
  2 crocodiles
  2 big kobolds
  7 bullfrogs
  A gnoll sergeant (D:9)
  A wyvern zombie (D:11)
  4 scorpions
  A water moccasin skeleton (D:7)
  A wyvern skeleton (D:6)
  14 killer bees
  3 wights (D:6)
  A howler monkey (D:14)
  8 crimson imps
  3 bullfrog zombies
  2 quasits
  3 centaur zombies
  A human simulacrum (Vaults:1)
  4 hounds
  4 jellies
  14 orc priests
  A bullfrog skeleton (D:10)
  2 centaur skeletons
  3 iguanas
  Terence (D:3)
  20 orc wizards
  12 worker ants
  A hound zombie (D:5)
  2 hound skeletons
  A howler monkey zombie (D:8)
  3 worker ant zombies
  4 gnolls (D:9)
  A howler monkey skeleton (D:9)
  6 adders
  2 shadow imps
  3 worms
  4 dart slugs
  5 leopard geckos
  75 orcs
  5 giant cockroaches
  5 hobgoblins (D:3)
  10 jackals
  14 kobolds
  6 quokkas
  2 bats (D:1)
  A frilled lizard (D:5)
  3 goblins
  A jackal zombie (D:5)
  A leopard gecko zombie (D:7)
  A quokka skeleton (D:8)
  6 rats
  3 briar patches
  2 fungi (Lair:2)
728 creatures vanquished.

Vanquished Creatures (collateral kills)
  A ghost moth (Spider:4)
  3 emperor scorpions (Spider:4)
  An entropy weaver (Spider:4)
  5 hydras (Swamp:4)
  3 swamp dragons (Swamp:4)
  6 orb spiders (Spider:4)
  A demonic crawler (Spider:4)
  A jumping spider (Spider:4)
  3 bog bodies (Swamp:4)
  9 redbacks (Spider:4)
  A tarantella (Spider:4)
  4 swamp drakes (Swamp:4)
  7 briar patches (Swamp:4)
45 creatures vanquished.

Vanquished Creatures (others)
  A ghost crab (Swamp:4)
  A spriggan druid (Swamp:4)
  A demonic crawler (Spider:3)
  2 hornets
  A blink frog (Swamp:2)
  2 spriggans (Swamp:4)
  3 insubstantial wisps (Swamp:4)
  A briar patch (Swamp:3)
  A plant (Lair:2)
13 creatures vanquished.

Grand Total: 786 creatures vanquished

Notes
Turn   | Place    | Note
-------+----------+-------------------------------------------
     0 | D:1      | Flugslaktarn the Deep Dwarf Fighter began the quest for the
                  | Orb.
     0 | D:1      | Reached XP level 1. HP: 20/20 MP: 1/1
   318 | D:1      | Reached XP level 2. HP: 25/27 MP: 2/2
   422 | D:3      | Reached skill level 3 in Axes
   422 | D:3      | Reached XP level 3. HP: 22/34 MP: 3/3
   431 | D:3      | Reached XP level 4. HP: 27/42 MP: 3/3
   475 | D:3      | Noticed Terence
   490 | D:3      | Killed Terence
   581 | D:3      | Noticed a big kobold
   605 | D:3      | Killed a big kobold
   605 | D:3      | Reached skill level 4 in Axes
   605 | D:3      | Reached XP level 5. HP: 22/49 MP: 4/4
   816 | D:3      | Found an ancient bone altar of Kikubaaqudgha.
   857 | D:4      | Found Vaweeklua's Jewellery Shop.
   857 | D:4      | Noticed an ogre
   871 | D:4      | Killed an ogre
   871 | D:4      | Reached XP level 6. HP: 25/57 MP: 4/4
   918 | D:4      | Reached skill level 5 in Axes
   955 | D:4      | Reached XP level 7. HP: 55/64 MP: 4/4
  1022 | D:4      | Found Roapog's Magic Scroll Shoppe.
  1201 | D:4      | Found Lokkap's Jewellery Shoppe.
  1269 | D:4      | Reached skill level 5 in Armour
  1269 | D:4      | Reached skill level 5 in Shields
  1275 | D:4      | Reached skill level 6 in Axes
  1695 | D:5      | Entered Level 5 of the Dungeon
  2182 | D:5      | Found a staircase to the Ecumenical Temple.
  2193 | Temple   | Entered the Ecumenical Temple
  2239 | Temple   | Became a worshipper of Makhleb the Destroyer
  2364 | D:6      | Noticed Grinder
  2376 | D:6      | Reached XP level 8. HP: 36/73 MP: 5/5
  2389 | D:6      | Killed Grinder
  2389 | D:6      | Reached skill level 7 in Axes
  2419 | D:6      | Reached skill level 5 in Fighting
  2588 | D:6      | Reached skill level 8 in Axes
  3058 | D:7      | Gained mutation: You passively map the area around you.
                  | [Deep Dwarf growth]
  3058 | D:7      | Reached XP level 9. HP: 44/81 MP: 1/5
  3235 | D:7      | Reached * piety under Makhleb
  3237 | D:7      | Reached skill level 9 in Axes
  3544 | D:7      | Noticed Joseph
  3557 | D:7      | Killed Joseph
  4203 | D:8      | Reached skill level 1 in Invocations
  4227 | D:8      | Reached ** piety under Makhleb
  4324 | D:8      | Reached skill level 10 in Axes
  4331 | D:8      | Reached XP level 10. HP: 87/92 MP: 1/5
  4505 | D:9      | Noticed a two-headed ogre
  4521 | D:9      | Killed a two-headed ogre
  4772 | D:9      | Reached skill level 11 in Axes
  5105 | D:9      | Found Paghieda's General Store.
  5111 | D:9      | Bought a potion of resistance for 160 gold pieces
  5259 | D:9      | Reached *** piety under Makhleb
  5391 | D:10     | Entered Level 10 of the Dungeon
  5444 | D:10     | Found a staircase to the Lair.
  5444 | D:10     | Noticed an elephant
  5451 | D:10     | Reached skill level 5 in Invocations
  5469 | D:10     | Killed an elephant
  5693 | D:10     | Reached XP level 11. HP: 75/100 MP: 6/6
  5713 | D:10     | Found Poabir's Weapon Shop.
  5882 | D:10     | Noticed a two-headed ogre
  5886 | D:10     | Killed a two-headed ogre
  6097 | D:10     | Found a staircase to the Orcish Mines.
  6122 | D:10     | Reached **** piety under Makhleb
  6127 | D:10     | Found a roughly hewn altar of Beogh.
  6272 | D:11     | Noticed a two-headed ogre
  6280 | D:11     | Killed a two-headed ogre
  6310 | D:11     | Reached skill level 12 in Axes
  6559 | D:11     | Found a glowing silver altar of Zin.
  7091 | D:12     | Noticed a great orb of eyes
  7091 | D:12     | Noticed an ettin
  7093 | D:12     | Found a transporter.
  7093 | D:12     | Noticed Hyefig's ghost (journeyman DDFi)
  7274 | D:12     | Found a transporter.
  7323 | D:12     | Found a frozen archway.
  7331 | D:12     | Reached XP level 12. HP: 111/111 MP: 8/8
  7332 | D:12     | Reached ***** piety under Makhleb
  7342 | IceCv    | Entered an ice cave
  7367 | IceCv    | Reached skill level 13 in Axes
  7408 | IceCv    | Reached skill level 10 in Shields
  7413 | IceCv    | Reached skill level 10 in Armour
  7600 | IceCv    | Noticed a frost giant
  7625 | IceCv    | Killed a frost giant
  7907 | D:12     | Noticed a two-headed ogre
  7910 | D:12     | Killed a two-headed ogre
  8355 | D:13     | Reached skill level 14 in Axes
  8394 | D:13     | Noticed Snorg
  8428 | D:13     | Killed Snorg
  8548 | D:13     | Found Asacs's Antique Armour Shoppe.
  8562 | D:13     | Bought a warped chain mail for 171 gold pieces
  8572 | D:13     | Identified the +4 chain mail of Fortitude {Str+6 Int-5}
                  | (You bought it in a shop on level 13 of the Dungeon)
  8644 | D:13     | Reached XP level 13. HP: 93/121 MP: 8/8
  8742 | D:13     | Found a runed translucent door.
  9253 | D:14     | Reached skill level 10 in Invocations
  9283 | D:14     | Found a shadowy altar of Dithmenos.
  9285 | D:14     | Reached ****** piety under Makhleb
  9598 | D:14     | Reached skill level 15 in Axes
  9615 | D:14     | Found a gate to the Vaults.
  9812 | D:15     | Entered Level 15 of the Dungeon
  9868 | D:15     | Reached skill level 10 in Fighting
  9961 | D:15     | Gained mutation: You resist negative energy. (rN+) [Deep
                  | Dwarf growth]
  9961 | D:15     | Reached XP level 14. HP: 110/132 MP: 10/10
  9988 | D:15     | Found a staircase to the Depths.
  9988 | D:15     | Noticed a fire giant
  9995 | D:15     | Killed a fire giant
 10301 | Lair:1   | Entered Level 1 of the Lair of Beasts
 11270 | Lair:2   | Found a staircase to the Swamp.
 11458 | Lair:3   | Reached skill level 16 in Axes
 11565 | Lair:3   | Found a hole to the Spider Nest.
 11587 | Spider:1 | Entered Level 1 of the Spider Nest
 11882 | Spider:4 | Entered Level 4 of the Spider Nest
 11986 | Spider:4 | Reached XP level 15. HP: 87/140 MP: 10/10
 12416 | Spider:4 | Reached skill level 17 in Axes
 12518 | Spider:4 | Killed a ghost moth
 12520 | Spider:4 | Killed a ghost moth
 12772 | Spider:4 | Got a gossamer rune of Zot
 12784 | Spider:4 | Killed a ghost moth
 13175 | Swamp:1  | Entered Level 1 of the Swamp
 13381 | Swamp:3  | Noticed a thorn hunter
 13398 | Swamp:3  | Killed a thorn hunter
 13474 | Swamp:4  | Entered Level 4 of the Swamp
 13672 | Swamp:4  | Reached XP level 16. HP: 141/151 MP: 8/8
 13836 | Swamp:4  | Reached skill level 18 in Axes
 13999 | Swamp:4  | Noticed a thorn hunter
 14011 | Swamp:4  | Killed a thorn hunter
 14014 | Swamp:4  | Noticed a thorn hunter
 14023 | Swamp:4  | Killed a thorn hunter
 14033 | Swamp:4  | Got a decaying rune of Zot
 14363 | Depths:1 | Entered Level 1 of the Depths
 14426 | Vaults:1 | Entered Level 1 of the Vaults
 14780 | Vaults:2 | HP: 4/152 [stone giant (23)]
 14781 | Vaults:2 | HP: 1/152 [stone giant (2)]
 15073 | Vaults:3 | Slain by an ironbrand convoker

Levels and vault maps discovered:
D:1:      dpeg_arrival_snail, layout_rooms, minmay_tromino_v4_c
D:2:      layout_basic, chequers_ecumenical_altar_island, first_ration
D:3:      cheibrodos_thug_alley, layout_rooms, kiku_gazebo_garden_becter,
          uniq_terence
D:4:      layout_basic, serial_shops, nicolae_shop_competitors_out_of_business,
          shop, kennysheep_mini, minmay_misc_feat_doors
D:5:      layout_loops_cross, minmay_temple_entry_nine_rooms
D:6:      layout_rooms, serial_corexii_hall, chequers_hall_statues_corner_a,
          corexii_hall_statues_s, minmay_misc_feat_nine_boxes,
          minmay_misc_feat_four_crosses, uniq_grinder
D:7:      layout_basic, uniq_joseph
D:8:      layout_basic, minmay_misc_feat_x, grunt_livestock, bh_walls_and_bars
D:9:      layout_stronghold, serial_shops, shop
D:10:     layout_loops_ring, david_lair_generic, minmay_orc_entry_temple_small,
          serial_shops, nicolae_shop_statue_plus
D:11:     layout_cross, basic_altar
D:12:     layout_stronghold, gammafunk_ghost_arena,
          portal_ice_cave_entry_ice_beasts
D:13:     layout_cave_pools, serial_shops, nicolae_shop_window_shopping,
          minmay_crystal_box, uniq_snorg
D:14:     layout_rooms, grunt_vaults_entry_fortified,
          chequers_serial_rivers_small_a, roderic_roman_lattice,
          nicolae_dithmenos_shadow_blocks
D:15:     grunt_enter_depths_giant_problem, layout_rooms, serial_shops, shop,
          nicolae_shop_trees, minivault_1
Temple:   grunt_wide_crystal_templ
Lair:1:   layout_cave_pods, serial_bayou_shore_a, uniq_grum
Lair:2:   layout_long_grid, minmay_swamp_entry_swarm, st_stairs_3,
          infiniplex_staircase_pool
Lair:3:   layout_regular_city, nicolae_spider_entry_orb_guardian,
          disabler_island
Swamp:1:  layout_falls_marsh, hangedman_swamp_pad
Swamp:2:  layout_falls_marsh, wheals_swamp_sinkhole
Swamp:3:  cheibrodos_swamp_mausoleum, layout_falls_marsh,
          hangedman_swamp_ruin_wall, swamp_pool4
Swamp:4:  swamp_basic_johnstein, layout_basic_swamp
Spider:1: layout_spider_delve
Spider:2: layout_spider_delve
Spider:3: layout_spider_delve
Spider:4: grunt_spider_rune_circles, nicolae_spider_webs_and_nodes
Vaults:1: dpeg_vaults_monster_box, hangedman_vaults_impose, v_misc_31,
          v_misc_22, hangedman_vaults_restitches, vaults_room_door_ring,
          v_misc_16, nicolae_vaults_diagonal_hallway_9, ontoclasm_vaults_spin,
          hangedman_vaults_nails, vaults_room_fours,
          vaults_room_hangedman_quadrants, layout_vaults_omnibox
Vaults:2: st_eye, v_alt_pattern_4, v_rooms_1, vaults_room_large_hall,
          vaults_mumra_minichess_inversion, grunt_vaults_hallway_short,
          v_misc_26, nicolae_vaults_diagonal_hallway_7, ontoclasm_vaults_chip,
          layout_vaults_big_room
Vaults:3: minmay_crypt_entry_simple_round, nicolae_vaults_network_star,
          v_alt_pattern_2, v_pattern_1, v_alt_pattern_6,
          nicolae_vaults_mini_display_case, layout_vaults_quadrants
Depths:1: layout_basic, pf_coc_iceberg, grunt_decor_mini_mirrors,
          rand_demon_pan_entry_5, serial_bayou_pond_c, minmay_protected_statue,
          grunt_megastairs_3

Skill      XL: |  1  2  3  4  5  6  7  8  9 10 11 12 13 14 15 16 |
---------------+-------------------------------------------------+-----
Fighting       | 3 4 5 6 7 8 9 10 11 12 | 12.3
Axes           | 3 4 5 6 8 10 11 12 14 15 16 17 18 | 18.0
Armour         | 4 5 6 7 8 9 10 11 12 13 14 | 14.2
Shields        | 4 5 6 7 8 9 10 11 12 13 14 | 14.2
Invocations    | 2 5 7 9 11 12 13 14 | 14.7

Action                   |  1- 3 |  4- 6 |  7- 9 | 10-12 | 13-15 | 16-18 || total
-------------------------+-------+-------+-------+-------+-------+-------++-------
Melee: War axe           |    39 |   135 |   428 |   128 |       |       ||   730
       Broad axe         |       |       |       |   515 |  1070 |   247 ||  1832
Invok: Greater Servant o |       |       |       |       |     5 |     2 ||     7
       Lesser Servant of |       |       |       |       |     5 |       ||     5
 Abil: Heal Wounds       |     1 |     5 |    15 |    18 |    27 |     7 ||    73
Evoke: Wand              |       |       |       |       |     4 |       ||     4
  Use: Potion            |       |     2 |       |     2 |     4 |     4 ||    12
       Scroll            |       |       |    13 |     6 |    13 |     2 ||    34
 Stab: Distracted        |       |       |       |       |     2 |     2 ||     4
       Confused          |       |       |       |       |       |     2 ||     2
  Eat: Chunk             |       |       |    10 |    10 |    16 |     1 ||    37
       Ration            |       |       |     1 |     1 |     1 |     1 ||     4
Armor: Chain mail        |    36 |    86 |   241 |   332 |   618 |   139 ||  1452
Dodge: Dodged            |    10 |    29 |   140 |   212 |   324 |    98 ||   813
Block: Kite shield       |    31 |    87 |   263 |   458 |   944 |   280 ||  2063

Table legend:
 A = Non-vault XP
 B = Vault XP
 C = Vault XP percentage of total XP
 D = Non-vault monster count
 E = Vault monster count
 F = Vault count percentage of total count
                 A         B        C        D         E       F
            +---------+---------+-------+---------+---------+-------
      Total |  127243 |   66549 |  34.3 |     596 |     171 |  22.3
            +---------+---------+-------+---------+---------+-------
        D:1 |      14 |       0 |   0.0 |       7 |       0 |   0.0
        D:2 |       4 |       0 |   0.0 |       2 |       0 |   0.0
        D:3 |     150 |     146 |  49.3 |      24 |      12 |  33.3
        D:4 |     666 |       0 |   0.0 |      26 |       0 |   0.0
        D:5 |     304 |       0 |   0.0 |      11 |       0 |   0.0
        D:6 |     999 |     281 |  22.0 |      20 |       1 |   4.8
        D:7 |    1332 |     439 |  24.8 |      27 |       1 |   3.6
        D:8 |     645 |     969 |  60.0 |      21 |       5 |  19.2
        D:9 |    3554 |       0 |   0.0 |      45 |       0 |   0.0
       D:10 |    2184 |    1327 |  37.8 |      26 |      12 |  31.6
       D:11 |    2721 |       0 |   0.0 |      16 |       0 |   0.0
       D:12 |    6822 |    1035 |  13.2 |      34 |       8 |  19.0
       D:13 |    5064 |    1140 |  18.4 |      39 |       1 |   2.5
       D:14 |   12152 |    6627 |  35.3 |      45 |      10 |  18.2
       D:15 |    9818 |    1870 |  16.0 |      24 |       1 |   4.0
     Lair:1 |    2921 |       0 |   0.0 |       9 |       0 |   0.0
     Lair:2 |    4970 |     857 |  14.7 |      18 |       5 |  21.7
     Lair:3 |     570 |     586 |  50.7 |       2 |       1 |  33.3
    Swamp:1 |    1717 |       0 |   0.0 |       5 |       0 |   0.0
    Swamp:2 |    4921 |       0 |   0.0 |      16 |       0 |   0.0
    Swamp:3 |    8748 |       0 |   0.0 |      17 |       0 |   0.0
    Swamp:4 |    7614 |   14443 |  65.5 |      23 |      24 |  51.1
   Spider:1 |    5638 |       0 |   0.0 |      18 |       0 |   0.0
   Spider:2 |    1161 |       0 |   0.0 |       2 |       0 |   0.0
   Spider:3 |   10124 |       0 |   0.0 |      25 |       0 |   0.0
   Spider:4 |   18809 |   20261 |  51.9 |      55 |      37 |  40.2
   Vaults:1 |    7443 |    2299 |  23.6 |      26 |       3 |  10.3
   Vaults:2 |    1500 |    3428 |  69.6 |       5 |       6 |  54.5
   Vaults:3 |    4678 |    1437 |  23.5 |       8 |       8 |  50.0
      IceCv |       0 |    9404 | 100.0 |       0 |      36 | 100.0
            +---------+---------+-------+---------+---------+-------
